 Dungeon Crawl Stone Soup version 0.24.0-13-gcf9b3192b9 (console) character file.

Game seed: 18221160709504722931, levelgen mode: deterministic

38210 AlterAsc the Earth Mage (level 14, -2/90 HPs)
             Began as a Gargoyle Earth Elementalist on Nov 5, 2019.
             Was a High Priest of Vehumet.
             Slain by a seven-headed hydra (8 damage)
             ... on level 5 of the Lair of Beasts on Nov 6, 2019.
             The game lasted 01:30:09 (16746 turns).

AlterAsc the Earth Mage (GrEE)                     Turns: 16746, Time: 01:30:09

Health: -2/90      AC: 23    Str: 25    XL:     14   Next: 1%
Magic:  24/28      EV: 11    Int: 23    God:    Vehumet [*****.]
Gold:   502        SH:  0    Dex:  5    Spells: 20/33 levels left

rFire    + . .     SeeInvis .   E - +3 great sword {distort, rPois Str+2}
rCold    + . .     Gourm    .   (shield currently unavailable)
rNeg     + . .     Faith    .   H - +1 ring mail {rF+}
rPois    ∞         Spirit   .   m - +0 hat {Int+3}
rElec    +         Reflect  .   e - +2 cloak {MR+}
rCorr    .         Harm     .   h - +0 pair of gloves
MR       ++...                  T - +2 pair of boots
Stlth    +.........             w - amulet of magic regeneration
HPRegen  0.25/turn              x - +4 ring of strength
MPRegen  0.46/turn              u - ring of the Commoners {Wiz rC+ Str+6 Dex-5}

@: no status effects
A: big wings, negative energy resistance 1, electricity resistance, unbreathing,
petrification resistance, rot immunity, AC +10
a: Fly, Renounce Religion


You were on level 5 of the Lair of Beasts.
You worshipped Vehumet.
Vehumet was extremely pleased with you.
You were not hungry.

You visited 3 branches of the dungeon, and saw 17 of its levels.

You collected 1209 gold pieces.
You spent 707 gold pieces at shops.

Inventory:

Hand Weapons
 E - the +3 great sword of Qocynil (weapon) {distort, rPois Str+2}
   (You found it on level 7 of the Dungeon)

   It warps and distorts space around it.
   Unwielding it can cause banishment or high damage.
   It affects your strength (+2).
   It protects you from poison.
Missiles
 b - 196 stones (quivered)
Armour
 e - a +2 cloak of magic resistance (worn)
 h - a +0 pair of gloves (worn)
 m - a +0 hat of intelligence (worn)
 t - a +3 plate armour
 H - a +1 ring mail of fire resistance (worn)
 T - a +2 pair of boots (worn)
Magical Staves
 a - an uncursed staff of earth {unknown}
Jewellery
 q - a cursed amulet of harm
 r - an uncursed ring of stealth
 u - the ring of the Commoners (right hand) {Wiz rC+ Str+6 Dex-5}
   (You found it on level 4 of the Dungeon)

   [ring of wizardry]

   It improves your spell success rate.
   It affects your strength (+6).
   It affects your dexterity (-5).
   It protects you from cold.
 w - an amulet of magic regeneration (around neck)
 x - a +4 ring of strength (left hand)
 C - a +3 ring of strength
 F - the amulet of Accord {Spirit MR+ Int+5}
   (You took it off an orc on level 7 of the Dungeon)

   [amulet of guardian spirit]

   It causes incoming damage to be split between your health and magic.
   It affects your intelligence (+5).
   It affects your resistance to hostile enchantments.
 G - an uncursed ring of protection from cold
 L - an uncursed ring of fire
 S - an uncursed ring of stealth
 X - an uncursed ring of ice
Wands
 c - a wand of disintegration (17)
 D - a wand of acid (23)
 K - a wand of flame (24)
 N - a wand of paralysis (6)
 O - a wand of iceblast (8)
 Q - a wand of digging (2)
 U - a wand of random effects (52)
Scrolls
 f - 2 scrolls of identify
 g - 10 scrolls of remove curse
 j - 3 scrolls of enchant weapon
 p - 4 scrolls of immolation
 v - 4 scrolls of amnesia
 y - 3 scrolls of magic mapping
 J - a scroll of vulnerability
 M - a scroll of acquirement {unknown}
 V - a scroll of fog {unknown}
 Y - a scroll of silence {unknown}
 Z - a scroll of holy word {unknown}
Potions
 i - a potion of ambrosia {unknown}
 k - 2 potions of flight
 l - 2 potions of might {unknown}
 n - 2 potions of mutation {unknown}
 o - a potion of invisibility {unknown}
 s - 3 potions of berserk rage
 z - a potion of agility {unknown}
 A - 3 potions of haste {unknown}
 B - a potion of lignification {unknown}
 P - 5 potions of degeneration {unknown}
 R - a potion of brilliance {unknown}
Miscellaneous
 I - a crystal ball of energy
Comestibles
 d - 28 rations
 W - 3 chunks of flesh


   Skills:
 + Level 11.2 Fighting
 - Level 1.7 Dodging
 - Level 2.4 Stealth
 + Level 10.2 Spellcasting
 + Level 8.6 Transmutations
 + Level 17.6 Earth Magic


You had 20 spell levels left.
You knew the following spells:

 Your Spells              Type           Power        Failure   Level  Hunger
a - Sandblast             Erth           ######       0%          1    None
b - Stone Arrow           Conj/Erth      ######       1%          3    None
c - Lee's Rapid Deconstr  Erth           #######...   1%          5    ####...
d - Petrify               Tmut/Erth      ######..     1%          4    #......

Your spell library contained the following spells:

 Spells                   Type           Power        Failure   Level  Hunger
 Bolt of Fire             Conj/Fire      ##........   71%         6    ######.
 Beastly Appendage        Tmut           ######       1%          1    None
 Flame Tongue             Conj/Fire      ##...        1%          1    None
 Shock                    Conj/Air       ##..         1%          1    None
 Passwall                 Tmut/Erth      ######..     1%          2    None
 Sticks to Snakes         Tmut           ######..     1%          2    None
 Throw Flame              Conj/Fire      ##....       1%          2    None
 Spider Form              Tmut/Pois      ####......   1%          3    None
 Blade Hands              Tmut           ######....   2%          5    ####...
 Bolt of Magma            Conj/Fire/Erth #####.....   2%          5    ####...
 Borgnjor's Vile Clutch   Necr/Erth      ######....   2%          5    ####...
 Animate Skeleton         Necr           N/A          3%          1    None
 Infusion                 Chrm           ##..         3%          1    None
 Pain                     Necr           ##..         3%          1    None
 Conjure Flame            Conj/Fire      ##......     3%          3    None
 Inner Flame              Hex/Fire       ##......     3%          3    None
 Mephitic Cloud           Conj/Pois/Air  ##......     3%          3    None
 Shroud of Golubria       Chrm/Tloc      ##....       5%          2    None
 Song of Slaying          Chrm           ##......     5%          2    None
 Ice Form                 Ice/Tmut       ####....     6%          4    #......
 Sticky Flame             Conj/Fire      ##......     10%         4    #......
 Regeneration             Chrm/Necr      ##........   11%         3    None
 Spectral Weapon          Hex/Chrm       ##......     11%         3    None
 Vampiric Draining        Necr           ##........   11%         3    None
 Fireball                 Conj/Fire      ##........   24%         5    ####...
 Animate Dead             Necr           N/A          32%         4    #......
 Metabolic Englaciation   Hex/Ice        ##........   65%         5    ####...
 Bolt of Cold             Conj/Ice       ##........   71%         6    ######.
 Freezing Cloud           Conj/Ice/Air   ##........   71%         6    ######.
 Ozocubu's Refrigeration  Ice            ##........   71%         6    ######.
 Invisibility             Hex            ##......     99%         6    ######.
 Simulacrum               Ice/Necr       ##........   99%         6    ######.
 Malign Gateway           Summ/Tloc      ##........   100%        7    #######
 Monstrous Menagerie      Summ           ##........   100%        7    #######
 Summon Greater Demon     Summ           ##........   100%        7    #######
 Summon Horrible Things   Summ           ##........   100%        8    #######
 Statue Form              Tmut/Erth      Unusable     N/A         6    N/A
 Sublimation of Blood     Necr           Unusable     N/A         2    N/A

Dungeon Overview and Level Annotations

Branches:
Dungeon (11/15)            Temple (1/1) D:5            Lair (5/6) D:11
  Swamp (0/4) Lair:4        Snake (0/4) Lair:4        Slime (0/5) Lair:5
    Orc: D:9-12

Altars:
Ashenzari
Cheibriados
Dithmenos
Elyvilon
Fedhas
Gozag
Hepliaklqana
Kikubaaqudgha
Makhleb
Nemelex Xobeh
Okawaru
Qazlal
Ru
Sif Muna
Trog
Uskayaw
Vehumet
Wu Jian
Xom
Yredelemnul
Zin
The Shining One

Shops:
D:5 [   D:8 (   D:9 *   D:11 :

Annotations:
D:10 2 runed translucent doors


Innate Abilities, Weirdness & Mutations

You are resistant to torment.
Your stone body is resilient. (AC +10)
You are immune to poison.
Your large and strong wings let you fly indefinitely.
You resist negative energy. (rN+)
You are resistant to electric shocks. (rElec)
You can survive without breathing.
You are immune to petrification.
You are immune to rotting.


Message History

There is something else lying underneath.
The floor.
Casting: Sandblast (safe; 0% risk of failure)
Confirm with . or Enter, or press ? or * to list all spells.
Aiming: Sandblast (safe; 0% risk of failure)
Press: ? - help, Shift-Dir - straight line, f/p - seven-headed hydra
Aim: a seven-headed hydra (severely wounded)
The blast of sand hits the seven-headed hydra!
The seven-headed hydra is almost dead.
b - 196 stones The seven-headed hydra bites you!
* * * LOW HITPOINT WARNING * * *
The seven-headed hydra bites you but does no damage.
The seven-headed hydra bites you!
* * * LOW HITPOINT WARNING * * *
The seven-headed hydra bites you but does no damage.
The seven-headed hydra barely misses you.
The seven-headed hydra bites you but does no damage.
The seven-headed hydra bites you!
You die... .# ######....# ## #.###.....# #.##......### ##.y ###........#.## #.#l ###.....P#.#....## #... # .##........#.....# k.y

.# ..........##.....#
..#..#
.....#..####...††###.....#
......### ##...@#§#.....#
......# ##.##D.).# .##...#
###.....# ##.#..# #..#÷.#
####.## #.....# #. ###
##....# ..P ##.#.. ...
###... ... ..(.


You could see a seven-headed hydra.

Vanquished Creatures
  Gastronok (Lair:3)
  Snorg (Lair:4)
  2 hydras (D:11)
  Fannar (D:11)
  4 death yaks (Lair:4)
  2 two-headed ogres
  A deep elf mage (D:8)
  A lindwurm (Lair:5)
  An ugly thing (D:10)
  3 oklob plants (Lair:5)
  2 manticores
  3 black mambas
  9 spiny frogs
  3 kobold demonologists (D:11)
  2 rime drakes (Lair:5)
  8 komodo dragons
  3 meliai
  5 trolls
  A queen bee (Lair:5)
  2 bog bodies (Lair:4)
  A hornet (D:9)
  5 blink frogs
  4 hippogriffs
  A shadow (D:11)
  24 yaks
  4 basilisks
  4 wyverns
  Eustachio (D:5)
  A steam dragon (D:11)
  A hungry ghost (D:9)
  4 nagas (Lair:4)
  6 water moccasins
  8 porcupines
  4 orc warriors
  2 black bears
  2 sky beasts
  An ice beast (D:8)
  3 phantoms
  An eye of draining (D:11)
  9 ogres
  8 centaurs
  9 wolves
  4 crocodiles
  3 big kobolds
  12 bullfrogs
  A scorpion (D:5)
  21 killer bees (Lair:5)
  2 howler monkeys (D:5)
  5 electric eels
  5 crimson imps
  A quasit (D:7)
  10 hounds
  7 jellies
  2 bullfrog skeletons
  3 bullfrog zombies
  4 orc priests
  Jessica (D:2)
  2 centaur skeletons (D:10)
  10 orc wizards
  11 worker ants
  A statue (D:6)
  A killer bee zombie (D:8)
  4 hound skeletons
  3 worker ant zombies
  7 adders
  8 gnolls (D:5)
  A howler monkey skeleton (D:11)
  3 shadow imps
  7 oozes
  4 worms
  8 leopard geckos
  26 orcs
  3 bats
  6 giant cockroaches
  6 hobgoblins
  9 jackals
  5 quokkas
  A ball python (D:5)
  6 frilled lizards
  9 goblins
  A jackal skeleton (D:9)
  14 kobolds
  A quokka skeleton (D:8)
  2 quokka zombies
  8 rats
  4 plants
410 creatures vanquished.

Vanquished Creatures (others)
  A hydra (Lair:5)
  Maurice (D:10)
  A wraith (D:11)
  A basilisk (Lair:4)
  A yak (D:11)
  A wolf (Lair:5)
  An orc wizard (D:10)
  A worker ant (D:10)
  2 kobolds (D:11)
  A fungus (Lair:4)
  2 plants
13 creatures vanquished.

Grand Total: 423 creatures vanquished

Notes
Turn   | Place    | Note
-------+----------+-------------------------------------------
     0 | D:1      | AlterAsc the Gargoyle Earth Elementalist began the quest
                  | for the Orb.
     0 | D:1      | Reached XP level 1. HP: 10/10 MP: 3/3
     2 | D:1      | Noticed a merfolk zombie
    20 | D:1      | Noticed a merfolk zombie
    71 | D:1      | Reached XP level 2. HP: 12/15 MP: 1/5
   140 | D:1      | Reached skill level 4 in Earth Magic
   411 | D:1      | Reached XP level 3. HP: 19/19 MP: 3/6
   607 | D:2      | Noticed Jessica
   611 | D:2      | Killed Jessica
   611 | D:2      | Reached skill level 5 in Earth Magic
   611 | D:2      | Reached XP level 4. HP: 24/24 MP: 4/7
   664 | D:2      | Learned a level 3 spell: Stone Arrow
  1270 | D:2      | Reached XP level 5. HP: 28/28 MP: 5/9
  1385 | D:3      | Noticed a centaur
  1392 | D:3      | Killed a centaur
  1392 | D:3      | Reached skill level 6 in Earth Magic
  1878 | D:3      | Reached XP level 6. HP: 31/32 MP: 7/11
  1907 | D:3      | Learned a level 5 spell: Lee's Rapid Deconstruction
  1955 | D:3      | Found an opulent altar of Gozag.
  2179 | D:4      | Found a shadowy altar of Dithmenos.
  2179 | D:4      | Noticed a phantom
  2199 | D:4      | Killed a phantom
  2199 | D:4      | Reached skill level 7 in Earth Magic
  2386 | D:4      | Found a basalt altar of Yredelemnul.
  2566 | D:4      | Got a glittering steel ring
  2567 | D:4      | Identified the ring of the Commoners {Wiz rC+ Str+6 Dex-5}
                  | (You found it on level 4 of the Dungeon)
  2738 | D:4      | Found a glowing golden altar of the Shining One.
  2740 | D:4      | Noticed an angel
  2766 | D:5      | Entered Level 5 of the Dungeon
  2791 | D:5      | Learned a level 4 spell: Petrify
  2800 | D:5      | Found a staircase to the Ecumenical Temple.
  2807 | Temple   | Entered the Ecumenical Temple
  2940 | D:5      | Found Ynor's Armour Emporium.
  2944 | D:5      | Reached XP level 7. HP: 36/36 MP: 11/13
  2952 | D:5      | Reached skill level 1 in Transmutations
  2953 | D:5      | Reached skill level 8 in Earth Magic
  3074 | D:5      | Bought a +0 cloak of magic resistance for 161 gold pieces
  3116 | D:5      | Noticed Eustachio
  3470 | D:5      | Reached skill level 9 in Earth Magic
  3483 | D:5      | Reached XP level 8. HP: 24/41 MP: 7/14
  3569 | D:5      | Killed Eustachio
  3569 | D:5      | Reached skill level 10 in Earth Magic
  4025 | D:5      | Reached skill level 11 in Earth Magic
  4312 | D:6      | Reached skill level 1 in Fighting
  4625 | D:6      | Found a radiant altar of Vehumet.
  4629 | D:6      | Reached XP level 9. HP: 47/48 MP: 9/15
  4635 | D:6      | Became a worshipper of Vehumet
  5046 | D:7      | Reached skill level 12 in Earth Magic
  5341 | D:7      | Identified the amulet of Accord {Spirit MR+ Int+5}
  5365 | D:7      | Noticed a two-headed ogre
  5445 | D:7      | Killed a two-headed ogre
  5445 | D:7      | Reached skill level 5 in Spellcasting
  5445 | D:7      | Reached skill level 13 in Earth Magic
  5611 | D:7      | Identified the Incunabulum of Entrancing Unholy Secrets
  5616 | D:7      | Got a pitted great sword
  5619 | D:7      | Identified the Papyrus of Doom
  5646 | D:7      | Identified the +3 great sword of Qocynil {distort, rPois
                  | Str+2} (You found it on level 7 of the Dungeon)
  6034 | D:8      | Reached XP level 10. HP: 53/58 MP: 17/17
  6069 | D:8      | Noticed a deep elf mage
  6193 | D:8      | Found Nadual's Weapon Shoppe.
  6280 | D:8      | Reached * piety under Vehumet
  6280 | D:8      | Offered knowledge of Flame Tongue by Vehumet.
  6676 | D:8      | Found an iron altar of Okawaru.
  6678 | D:8      | Found a bloodstained altar of Trog.
  6680 | D:8      | Found an opulent altar of Gozag.
  6680 | D:8      | Found a sparkling altar of Nemelex Xobeh.
  6681 | D:8      | Found a snail-covered altar of Cheibriados.
  6681 | D:8      | Found a blossoming altar of Fedhas.
  6681 | D:8      | Found a shimmering altar of Xom.
  6681 | D:8      | Found an ornate altar of the Wu Jian Council.
  6840 | D:8      | Reached skill level 5 in Fighting
  6871 | D:8      | Killed a deep elf mage
  7821 | D:9      | Reached skill level 14 in Earth Magic
  7865 | D:9      | You fall into a shaft and drop 2 floors!
  7900 | D:11     | Noticed Fannar
  7988 | D:11     | Noticed a five-headed hydra
  7990 | D:10     | Entered Level 10 of the Dungeon
  8336 | D:9      | Reached ** piety under Vehumet
  8336 | D:9      | Offered knowledge of Freeze by Vehumet.
  8443 | D:9      | Found an iron altar of Okawaru.
  8651 | D:9      | Found Qiugo's Assorted Antiques.
  8654 | D:9      | Bought a pair of boots for 126 gold pieces
  8654 | D:9      | Bought 2 scrolls of enchant armour for 420 gold pieces
  8929 | D:10     | Noticed a manticore
  8929 | D:10     | Noticed a white ugly thing
  8934 | D:10     | Killed a white ugly thing
  8934 | D:10     | Reached XP level 11. HP: 43/66 MP: 16/20
  8939 | D:10     | Killed a manticore
  8947 | D:10     | Found a large runed translucent door.
  8948 | D:10     | Found a large runed translucent door.
  8948 | D:10     | Noticed a sphinx
  8948 | D:10     | Noticed a stone giant
  9509 | D:10     | Noticed Maurice
  9524 | D:10     | Killed Maurice
  9595 | D:10     | Reached skill level 15 in Earth Magic
  9804 | D:10     | Reached skill level 5 in Transmutations
  9858 | D:11     | Noticed a six-headed hydra
 10000 | D:11     | Killed a five-headed hydra
 10030 | D:11     | Offered knowledge of Ignite Poison by Vehumet.
 10097 | D:11     | Noticed a manticore
 10103 | D:11     | Noticed a two-headed ogre
 10141 | D:11     | Found Siqan's Book Shop.
 10148 | D:11     | Reached *** piety under Vehumet
 10337 | D:11     | Killed a seven-headed hydra
 10497 | D:11     | Killed Fannar
 10564 | D:11     | Killed a manticore
 10564 | D:11     | Reached XP level 12. HP: 41/73 MP: 21/23
 10571 | D:11     | Found a staircase to the Lair.
 10596 | D:11     | Offered knowledge of Throw Icicle by Vehumet.
 10611 | D:11     | Reached skill level 16 in Earth Magic
 10698 | D:11     | Found a basalt altar of Yredelemnul.
 11294 | D:11     | Killed a two-headed ogre
 11359 | Lair:1   | Entered Level 1 of the Lair of Beasts
 11488 | Lair:1   | Got a warped long sword
 12082 | Lair:2   | You fall into a shaft and drop 2 floors!
 12098 | Lair:4   | Found a staircase to the Swamp.
 12140 | Lair:4   | Noticed Snorg
 12447 | Lair:4   | Reached **** piety under Vehumet
 12459 | Lair:4   | Found a staircase to the Snake Pit.
 12791 | Lair:4   | Killed Snorg
 12809 | Lair:4   | Noticed a death yak
 12824 | Lair:4   | Killed a death yak
 12859 | Lair:4   | Noticed a death yak
 12860 | Lair:4   | Noticed a death yak
 12861 | Lair:4   | Noticed a death yak
 12870 | Lair:4   | Offered knowledge of Bolt of Draining by Vehumet.
 13263 | Lair:3   | Noticed Gastronok
 13480 | Lair:3   | Killed Gastronok
 13480 | Lair:3   | Reached XP level 13. HP: 82/82 MP: 8/26
 13570 | Lair:3   | Reached skill level 10 in Fighting
 13774 | Lair:3   | Reached skill level 17 in Earth Magic
 14306 | Lair:4   | HP: 6/124 [death yak (13)]
 14371 | Lair:4   | HP: 3/83 [yak (9)]
 15509 | Lair:5   | Reached ***** piety under Vehumet
 15545 | Lair:5   | Found a staircase to the Slime Pits.
 15565 | Lair:5   | Offered knowledge of Bolt of Fire by Vehumet.
 16183 | Lair:5   | Identified the cursed +0 long sword of Doom {vamp, Dex+7}
                  | (You found it on level 1 of the Lair of Beasts)
 16278 | Lair:5   | Reached skill level 10 in Spellcasting
 16728 | Lair:5   | Gained mutation: Your large and strong wings let you fly
                  | indefinitely. [Gargoyle growth]
 16728 | Lair:5   | Reached XP level 14. HP: 39/90 MP: 21/28
 16746 | Lair:5   | Slain by a seven-headed hydra

Levels and vault maps discovered:
D:1:      shiori_arrival_whats_in_store_for_you, layout_rooms
D:2:      layout_basic, lemuel_another_geyser, uniq_jessica
D:3:      layout_loops_cross, first_ration,
          nicolae_gozag_cash_rules_everything_around_me
D:4:      layout_cave_pools, grunt_temple_overflow_holy_war,
          grunt_dithmenos_smoke
D:5:      layout_cave_pools, minmay_temple_entry_junction, serial_shops,
          nicolae_shop_temple_entry_statues_fountains, minmay_joined_circles,
          uniq_eustachio
D:6:      layout_rooms, vehumet_statue
D:7:      minmay_the_grid_square_5x5_3x3 [minmay_the_grid_square_5x5_empty,
          minmay_the_grid_square_5x5_two_walls_b,
          minmay_the_grid_square_5x5_fancy_junction,
          minmay_the_grid_square_5x5_n,
          minmay_the_grid_square_5x5_megaprize_diamond,
          minmay_the_grid_square_5x5_meh, minmay_the_grid_square_5x5_eight,
          minmay_the_grid_square_5x5_fat_x,
          minmay_the_grid_square_5x5_almost_minimal], layout_basic
D:8:      layout_layer_cave, grunt_temple_overflow_open, serial_shops,
          nicolae_shop_waterfront, blue_anna_alchemist [blue_anna_fruit_fields,
          blue_anna_fruit_fields], bh_walls_and_bars
D:9:      layout_basic, serial_shops, kennysheep_mini_moat, minmay_crystal_room,
          kennysheep_okawaru_gauntlet
D:10:     layout_roguey, jmf_multi_god_temple2, uniq_maurice
D:11:     layout_long_grid, erik_lair_island, serial_shops, nicolae_shop_stone,
          basic_altar, nrook_mini_vaults, uniq_fannar
Temple:   cyrus_temple_forest
Lair:1:   layout_roguey, minmay_stone_trees_small, lemuel_fruit_fields
Lair:2:   layout_loops_ring, ebering_ghost_inner_flame,
          chequers_serial_rivers_marsh
Lair:3:   layout_chaotic_city, serial_bayou_pond_d, st_stairs_4,
          serial_bayou_shore_b, uniq_gastronok
Lair:4:   layout_cave_pods, skrybe_swamp_entry_bodies,
          minmay_snake_entry_guardpost_medium, chequers_serial_rivers_micro_e,
          serial_bayou_shore_b, uniq_snorg
Lair:5:   regret_index_combs_of_tragedy, layout_misc_corridors,
          nicolae_slime_entry_slimehenge, chequers_serial_rivers_marsh,
          serial_bayou_shore_a, serial_bayou_shore_b, minmay_lair_oklob_chamber

Skill      XL: |  1  2  3  4  5  6  7  8  9 10 11 12 13 |
---------------+----------------------------------------+-----
Earth Magic    | 4 5 6 7 9 11 13 14 15 16 17 | 17.6
Spellcasting   | 3 4 5 6 7 9 10 | 10.2
Transmutations | 2 3 4 5 7 8 |  8.6
Fighting       | 1 4 6 8 9 11 | 11.2
Dodging        | |  1.7
Stealth        | |  2.4

Action                   |  1- 3 |  4- 6 |  7- 9 | 10-12 | 13-15 || total
-------------------------+-------+-------+-------+-------+-------++-------
Melee: Unarmed           |    10 |       |       |       |       ||    10
       Club              |    22 |     5 |     1 |       |       ||    28
       Hand axe          |       |       |    45 |       |       ||    45
       Great sword       |       |       |    10 |   353 |    54 ||   417
 Cast: Sandblast         |    23 |    69 |    78 |   105 |   103 ||   378
       Stone Arrow       |       |     3 |    14 |    11 |    11 ||    39
       Lee's Rapid Decon |       |       |    10 |    82 |    46 ||   138
       Petrify           |       |       |     4 |    51 |    20 ||    75
  Use: Scroll            |       |    10 |     3 |    12 |     2 ||    27
       Potion            |       |       |     1 |     5 |     9 ||    15
 Stab: Sleeping          |     1 |       |       |       |       ||     1
       Petrified         |       |       |     5 |    30 |     6 ||    41
  Eat: Chunk             |       |     6 |    14 |    33 |     9 ||    62
       Ration            |       |       |       |     6 |     3 ||     9
Armor: Robe              |    12 |     8 |    55 |       |       ||    75
       Ring mail         |       |       |    10 |   416 |    84 ||   510
Dodge: Dodged            |    26 |    22 |    66 |   307 |    90 ||   511
       Rpst.: Great sword |       |       |     1 |    84 |    30 ||   115
